[Event "HZ Chess Tournament 2024"]
[Site "Vlissingen, Netherlands"]
[Date "2024.08.03"]
[Round "1.1"]
[White "L'Ami, Erwin"]
[Black "Fischer, Gert"]
[Result "1-0"]
[WhiteElo "2629"]
[BlackElo "1890"]
[PlyCount "41"]
[TimeControl "90"]

1. d4 Nf6 2. c4 c5 3. d5 b5 4. cxb5 a6 5. e3 axb5 6. Bxb5 Qa5+ 7. Nc3 Bb7 8.
Bd2 Qb6 9. a4 e6 10. Nf3 Nxd5 11. Nxd5 Bxd5 12. Bc3 Nc6 13. O-O f6 14. Re1 Be4
15. Nd2 Bg6 16. Nc4 Qc7 17. a5 Rd8 18. a6 Kf7 19. Qf3 Bd6 20. Bxc6 dxc6 21. Ba5
1-0

[Event "HZ Chess Tournament 2024"]
[Site "Vlissingen, Netherlands"]
[Date "2024.08.03"]
[Round "1.2"]
[White "Van den Hoogen, Arie"]
[Black "Ter-Sahakyan, Samvel"]
[Result "0-1"]
[WhiteElo "1915"]
[BlackElo "2609"]
[PlyCount "62"]
[TimeControl "90"]

1. e4 c5 2. Nf3 d6 3. d4 cxd4 4. Nxd4 Nf6 5. Nc3 a6 6. Be2 e5 7. Nb3 Be7 8. O-O
O-O 9. Be3 Be6 10. f3 Qc7 11. Nd5 Bxd5 12. exd5 Nbd7 13. c4 Rfe8 14. Nd2 Bf8
15. Bd3 g6 16. Qc2 Rac8 17. Rac1 Qb8 18. b4 Nxd5 19. Bf2 Nxb4 20. Qb3 Nc5 21.
Bxc5 dxc5 22. Ne4 Red8 23. Bb1 Be7 24. Rcd1 Rd4 25. a3 Nc6 26. Nc3 Na5 27. Qa4
Nxc4 28. Rxd4 cxd4 29. Nd5 Qd6 30. Nxe7+ Qxe7 31. Rc1 Nb6 0-1

[Event "HZ Chess Tournament 2024"]
[Site "Vlissingen, Netherlands"]
[Date "2024.08.03"]
[Round "1.3"]
[White "Bharath Subramaniyam H"]
[Black "Karacsonyi, Luca"]
[Result "1-0"]
[WhiteElo "2566"]
[BlackElo "1914"]
[PlyCount "65"]
[TimeControl "90"]

1. d4 d5 2. Bf4 Nf6 3. e3 c5 4. c3 Qb6 5. Qb3 c4 6. Qc2 Nc6 7. Nd2 g6 8. e4
Nxe4 9. Nxe4 dxe4 10. d5 Na5 11. Be5 f6 12. Bd4 Qb5 13. b4 Qxd5 14. bxa5 Bd7
15. Rd1 Qc6 16. Be3 e5 17. g3 Bc5 18. Qd2 Bxe3 19. Qxe3 Bg4 20. Rb1 O-O 21. Bg2
Bf5 22. g4 Bxg4 23. Qxe4 Qxe4+ 24. Bxe4 Rfd8 25. a6 Rab8 26. axb7 Bf5 27. Bxf5
gxf5 28. Nf3 Rd7 29. Nd2 Rdxb7 30. Ke2 e4 31. Rxb7 Rxb7 32. Rb1 Rc7 33. Rb5 1-0

[Event "HZ Chess Tournament 2024"]
[Site "Vlissingen, Netherlands"]
[Date "2024.08.03"]
[Round "1.4"]
[White "Karacsonyi, Bank"]
[Black "Pavlidis, Antonios"]
[Result "0-1"]
[WhiteElo "1913"]
[BlackElo "2566"]
[PlyCount "70"]
[TimeControl "90"]

1. e4 c5 2. Nf3 e6 3. d4 cxd4 4. Nxd4 Nc6 5. Nc3 Qc7 6. Qd3 Nf6 7. Ndb5 Qb8 8.
Qg3 d6 9. Be3 a6 10. Nd4 Bd7 11. Bd3 h5 12. f3 Ne5 13. Rd1 b5 14. O-O b4 15.
Nce2 h4 16. Qf2 Be7 17. h3 d5 18. exd5 Nxd3 19. Rxd3 Nxd5 20. f4 Nxe3 21. Qxe3
Qc7 22. f5 e5 23. f6 gxf6 24. Qf3 Rd8 25. Nf5 Bxf5 26. Rxd8+ Bxd8 27. Qxf5 Qc6
28. Re1 Kf8 29. Nc1 a5 30. Kh2 Rg8 31. Re2 Rg6 32. Nb3 Qc4 33. Rd2 Bc7 34. Qc8+
Kg7 35. Rd8 Qf4+ 0-1

[Event "HZ Chess Tournament 2024"]
[Site "Vlissingen, Netherlands"]
[Date "2024.08.03"]
[Round "1.5"]
[White "Ferreira, Jorge Viterbo"]
[Black "Verbruggen, Samuel"]
[Result "1-0"]
[WhiteElo "2523"]
[BlackElo "1913"]
[PlyCount "67"]
[TimeControl "90"]

1. d4 Nf6 2. c4 e6 3. Nf3 d5 4. g3 Be7 5. Bg2 O-O 6. O-O dxc4 7. Qc2 a6 8. a4
c5 9. dxc5 Bxc5 10. Nbd2 Nc6 11. Nxc4 Qe7 12. Nce5 Bd7 13. Bg5 Rfd8 14. Ng4 Nd4
15. Nxd4 Bxd4 16. e3 h5 17. exd4 hxg4 18. Bxb7 Bxa4 19. Qe4 Rab8 20. Bxf6 gxf6
21. Qxg4+ Kf8 22. Rxa4 Rxb7 23. Qh4 Kg7 24. Qg4+ Kh7 25. Rd1 Rb4 26. Rxa6 f5
27. Qh5+ Kg7 28. d5 Rh8 29. Qe2 Re4 30. Qf3 Qc5 31. dxe6 fxe6 32. Kg2 Kf6 33.
Rdd6 Qb5 34. Qc3+ 1-0

[Event "HZ Chess Tournament 2024"]
[Site "Vlissingen, Netherlands"]
[Date "2024.08.03"]
[Round "1.6"]
[White "Kools, Jasper"]
[Black "Fernandez, Daniel Howard"]
[Result "0-1"]
[WhiteElo "1770"]
[BlackElo "2519"]
[PlyCount "42"]
[TimeControl "90"]

1. d4 Nf6 2. c4 e6 3. g3 Bb4+ 4. Bd2 Qe7 5. Bg2 O-O 6. a3 Bxd2+ 7. Qxd2 d6 8.
Nc3 h6 9. e3 e5 10. Nge2 Re8 11. O-O e4 12. b4 Bf5 13. Rac1 Nbd7 14. Nb5 Nf8
15. d5 a6 16. Nbd4 Bh7 17. Rc3 N8d7 18. Nb3 Ne5 19. Ned4 g5 20. f3 exf3 21.
Nxf3 Ne4 0-1

[Event "HZ Chess Tournament 2024"]
[Site "Vlissingen, Netherlands"]
[Date "2024.08.03"]
[Round "1.7"]
[White "Hausrath, Daniel"]
[Black "Timmermans, Adri"]
[Result "1-0"]
[WhiteElo "2469"]
[BlackElo "1844"]
[PlyCount "53"]
[TimeControl "90"]

1. Nf3 Nf6 2. g3 c5 3. Bg2 d5 4. O-O Nc6 5. d4 e6 6. c4 Be7 7. cxd5 exd5 8.
dxc5 Bxc5 9. a3 O-O 10. b4 Be7 11. Nc3 h6 12. Bb2 Be6 13. Qb1 Qc8 14. Rd1 Rd8
15. Nd4 Bh3 16. Nxc6 bxc6 17. Na4 Bxg2 18. Kxg2 Ne4 19. Qd3 Nd6 20. Bd4 Qf5 21.
Qxf5 Nxf5 22. Rac1 Nxd4 23. Rxd4 a5 24. Nb6 Ra6 25. Rxc6 axb4 26. axb4 Rb8 27.
Nxd5 1-0

[Event "HZ Chess Tournament 2024"]
[Site "Vlissingen, Netherlands"]
[Date "2024.08.03"]
[Round "1.8"]
[White "Bogers, Tim"]
[Black "Ikonnikov, Vyacheslav"]
[Result "0-1"]
[WhiteElo "1904"]
[BlackElo "2447"]
[PlyCount "84"]
[TimeControl "90"]

1. d4 Nf6 2. Nc3 d6 3. Bf4 Nbd7 4. Nf3 Nh5 5. Bg3 g6 6. Bh4 Bg7 7. g4 Nhf6 8.
h3 c6 9. e3 b5 10. a3 Rb8 11. b4 Nb6 12. Nd2 Bd7 13. Nce4 Nxe4 14. Nxe4 Be6 15.
Ng5 Bd5 16. e4 Bc4 17. Bxc4 Nxc4 18. c3 c5 19. O-O cxd4 20. cxd4 Qd7 21. Ra2 h5
22. Bg3 Bh6 23. Nxf7 Kxf7 24. gxh5 Qxh3 25. Qf3+ Kg8 26. hxg6 Rf8 27. Qg2 Bf4
28. Re2 Bxg3 29. fxg3 Qh1+ 30. Qxh1 Rxh1+ 31. Kxh1 Rxf1+ 32. Kg2 Ra1 33. Rf2
Ne3+ 34. Kf3 Rxa3 35. Kf4 Nc4 36. g4 Rd3 37. Kg5 Rxd4 38. Kh6 Ne5 39. Ra2 Nxg4+
40. Kg5 Rxe4 41. Rxa7 Kg7 42. Rb7 Ne3 0-1

[Event "HZ Chess Tournament 2024"]
[Site "Vlissingen, Netherlands"]
[Date "2024.08.03"]
[Round "1.9"]
[White "Leenhouts, Koen"]
[Black "Schreidl, Michael"]
[Result "1-0"]
[WhiteElo "2446"]
[BlackElo "1900"]
[PlyCount "73"]
[TimeControl "90"]

1. d4 d5 2. c4 e6 3. Nf3 Nf6 4. g3 Be7 5. Bg2 O-O 6. O-O dxc4 7. Qa4 a6 8. Qxc4
b5 9. Qc2 Bb7 10. Bf4 Nc6 11. Nbd2 Rc8 12. Nb3 Nb4 13. Qc1 Be4 14. Nc5 Bxc5 15.
Qxc5 Nbd5 16. Bd2 Nd7 17. Qa3 c5 18. Qxa6 cxd4 19. Rfc1 Bxf3 20. Bxf3 Ne5 21.
Qxb5 Rb8 22. Qa4 Rxb2 23. Qxd4 Qf6 24. Bxd5 Nf3+ 25. Bxf3 Qxd4 26. Bc3 Qb6 27.
Bxb2 Qxb2 28. a4 Qb8 29. a5 Qa7 30. a6 g6 31. Rcb1 Rc8 32. Rb7 Qd4 33. Rab1 Kg7
34. a7 Rf8 35. Rc7 Qd6 36. Rbb7 Qa3 37. Rxf7+ 1-0

[Event "HZ Chess Tournament 2024"]
[Site "Vlissingen, Netherlands"]
[Date "2024.08.03"]
[Round "1.10"]
[White "Baete, Guy"]
[Black "Beukema, Stefan"]
[Result "0-1"]
[WhiteElo "1816"]
[BlackElo "2435"]
[PlyCount "64"]
[TimeControl "90"]

1. Nf3 d5 2. g3 g6 3. Bg2 Bg7 4. O-O e5 5. d3 Ne7 6. Nbd2 O-O 7. e4 Nbc6 8. c3
h6 9. b3 d4 10. c4 a5 11. Ba3 Nb4 12. Bxb4 axb4 13. Ne1 g5 14. f4 gxf4 15. gxf4
exf4 16. Rxf4 Ng6 17. Rf2 Ra5 18. Nf1 Ne5 19. Qd2 Qd6 20. Ng3 Ng4 21. Rf3 Rg5
22. Nc2 Be5 23. h4 Rg6 24. Nf5 Bxf5 25. exf5 Rg7 26. Qxb4 Qf6 27. Qe1 Re8 28.
Kh1 Re7 29. Rh3 Qxf5 30. Rf3 Qg6 31. Qd2 Qh5 32. Rh3 Bg3 0-1

[Event "HZ Chess Tournament 2024"]
[Site "Vlissingen, Netherlands"]
[Date "2024.08.03"]
[Round "1.11"]
[White "De Winter, Arthur"]
[Black "Godding, Mick"]
[Result "1-0"]
[WhiteElo "2411"]
[BlackElo "1799"]
[PlyCount "67"]
[TimeControl "90"]

1. e4 d5 2. exd5 Nf6 3. Nf3 Nxd5 4. d4 Bf5 5. Be2 e6 6. O-O Be7 7. a3 a5 8. c4
Nb6 9. Nc3 O-O 10. Bf4 c5 11. Nb5 Na6 12. Qd2 Bf6 13. Rad1 Bg4 14. h3 Bxf3 15.
Bxf3 cxd4 16. Bxb7 Nxc4 17. Qc2 Qb6 18. Bxa6 Nxa3 19. bxa3 Rxa6 20. a4 e5 21.
Bd2 Raa8 22. Rc1 g6 23. Qc6 Qxc6 24. Rxc6 Kg7 25. Rfc1 Be7 26. Kf1 Bb4 27. Ke1
h5 28. R1c4 Bxd2+ 29. Kxd2 Rfb8 30. R4c5 f6 31. h4 Rb7 32. Rc7+ Rxc7 33. Rxc7+
Kh6 34. Ra7 1-0

[Event "HZ Chess Tournament 2024"]
[Site "Vlissingen, Netherlands"]
[Date "2024.08.03"]
[Round "1.12"]
[White "Van Rij, Gert"]
[Black "Arfan, Aditya Bagus"]
[Result "0-1"]
[WhiteElo "1891"]
[BlackElo "2405"]
[PlyCount "44"]
[TimeControl "90"]

1. d4 d5 2. c4 c6 3. cxd5 cxd5 4. Nc3 Nf6 5. Bf4 Nc6 6. e3 Bf5 7. h3 e6 8. Nf3
Qb6 9. Qb3 Bb4 10. Nd2 O-O 11. a3 Bxc3 12. bxc3 Nd7 13. Be2 Rfc8 14. O-O Qxb3
15. Nxb3 Bc2 16. Nc5 Nxc5 17. dxc5 Na5 18. Bd6 Bg6 19. Ra2 Nb3 20. c4 dxc4 21.
Bxc4 Nxc5 22. Be5 Nd7 0-1

[Event "HZ Chess Tournament 2024"]
[Site "Vlissingen, Netherlands"]
[Date "2024.08.03"]
[Round "1.13"]
[White "Karacsonyi, Gellert"]
[Black "Beltman, Guus"]
[Result "1-0"]
[WhiteElo "2395"]
[BlackElo "1889"]
[PlyCount "77"]
[TimeControl "90"]

1. d4 d6 2. e4 Nf6 3. Nc3 g6 4. Bf4 Bg7 5. Qd2 c6 6. Bh6 Bxh6 7. Qxh6 Qa5 8.
O-O-O b5 9. e5 dxe5 10. dxe5 Ng4 11. Qf4 b4 12. Bc4 Nxe5 13. Rd5 cxd5 14. Qxe5
bxc3 15. Qxh8+ Kd7 16. Nf3 Qb4 17. Bb3 Nc6 18. Rd1 e6 19. bxc3 Qf4+ 20. Kb1 Bb7
21. Qxh7 Qf6 22. Qh3 Ke8 23. Nd4 Nxd4 24. Rxd4 Qxf2 25. Qh8+ Ke7 26. Qe5 Rc8
27. Rb4 Ba6 28. Rf4 Qd2 29. Qf6+ Kd6 30. Kb2 Rc7 31. c4 Qe3 32. cxd5 Qe5+ 33.
Qxe5+ Kxe5 34. Ra4 Bf1 35. dxe6 fxe6 36. Rg4 Kf5 37. Rg3 Bb5 38. Rf3+ Ke5 39.
Re3+ 1-0

[Event "HZ Chess Tournament 2024"]
[Site "Vlissingen, Netherlands"]
[Date "2024.08.03"]
[Round "1.14"]
[White "Pennig, Felix"]
[Black "De Boer, Eelke"]
[Result "0-1"]
[WhiteElo "1889"]
[BlackElo "2270"]
[PlyCount "38"]
[TimeControl "90"]

1. Nc3 d5 2. e4 Nf6 3. e5 d4 4. exf6 dxc3 5. fxg7 cxd2+ 6. Bxd2 Bxg7 7. c3 Nc6
8. Qf3 Be6 9. Bb5 Qd7 10. Bxc6 bxc6 11. Qg3 Rg8 12. Nf3 O-O-O 13. Qf4 Qd3 14.
Qe3 Qa6 15. a4 Rd6 16. b4 Bc4 17. Qc5 Rgd8 18. Ra3 Re6+ 19. Be3 Qxa4 0-1

[Event "HZ Chess Tournament 2024"]
[Site "Vlissingen, Netherlands"]
[Date "2024.08.03"]
[Round "1.15"]
[White "Van Delft, Merijn"]
[Black "Lucas, Fred"]
[Result "1-0"]
[WhiteElo "2360"]
[BlackElo "1805"]
[PlyCount "45"]
[TimeControl "90"]

1. e4 c5 2. Nf3 e6 3. d4 cxd4 4. Nxd4 Nf6 5. Nc3 Nc6 6. Ndb5 Bb4 7. a3 Bxc3+ 8.
Nxc3 d5 9. exd5 exd5 10. Bd3 Bg4 11. f3 Be6 12. Bg5 a6 13. Qd2 h6 14. Bh4 Ne5
15. O-O g5 16. Bf2 Rg8 17. Rae1 Nxd3 18. Qxd3 Qd7 19. Qd4 Rg6 20. Na4 Qb5 21.
Nc5 Qc6 22. Qd3 Ke7 23. Nxe6 1-0